 Dungeon Crawl Stone Soup version 0.30-a0-986-g7f2e898f52 (webtiles) character file.

Game seed: 3688622617947257211

21 DeathPants the Grave Robber (level 2, -2/14 HPs)
             Began as a Vine Stalker Necromancer on Apr 1, 2023.
             Slain by Terence
             ... wielding a +4 hand axe of electrocution
              (3 damage)
             ... on level 2 of the Dungeon.
             The game lasted 00:03:55 (1024 turns).

DeathPants the Grave Robber (VSNe)                  Turns: 1024, Time: 00:03:56

Health: -2/14      AC:  8    Str: 10    XL:     2   Next: 83%
Magic:  0/6        EV: 10    Int: 15    God:
Gold:   21         SH:  0    Dex: 14    Spells: 5/6 levels left

rFire   . . .      SeeInvis .    l - +0 short sword (speed)
rCold   + . .      Faith    .    (no shield)
rNeg    . . .      Spirit   +    c - +0 ring mail
rPois   .          Reflect  .    (no helmet)
rElec   .          Rampage  .    (no cloak)
rCorr   .                        d - +2 pair of gloves
Will    .....                    (no boots)
Stlth   +                        (no amulet)
HPRegen 0.22/turn                h - ring of protection from cold
MPRegen 0.10/turn                (no ring)

@: no status effects
A: fangs 2, magic shield, antimagic bite, no potion heal 2
a: no special abilities


You were on level 2 of the Dungeon.
You visited 1 branch of the dungeon, and saw 3 of its levels.

You collected 21 gold pieces.

Inventory:

Hand Weapons
 l - a +0 short sword of speed (weapon)
Missiles
 a - 3 poisoned darts
Armour
 c - a +0 ring mail (worn)
 d - a +2 pair of gloves (worn)
 e - a +0 leather armour
Jewellery
 h - a ring of protection from cold (left hand)
Scrolls
 i - 2 scrolls of identify {unknown}
 k - a scroll of enchant armour {unknown}
Potions
 b - a potion of magic
 f - a potion of curing {unknown}
 g - a potion of heal wounds {unknown}
 j - a potion of attraction {unknown}


   Skills:
 + Level 0.7 Fighting
 + Level 1.8 Dodging
 - Level 2.4 Stealth
 + Level 2.5 Spellcasting
 + Level 4.2 Necromancy


You had 5 spell levels left.
You knew the following spells:

 Your Spells              Type           Power      Damage    Failure   Level
a - Necrotise             Necr           56%        1d6       10%         1

Your spell library contained the following spells:

 Spells                   Type           Power      Damage    Failure   Level
 Vampiric Draining        Necr           14%        2d7       28%         3
 Sandblast                Erth           2%         2d4       50%         1
 Passwall                 Tmut/Erth      0%         N/A       63%         2
 Animate Dead             Necr           14%        N/A       67%         4
 Stone Arrow              Conj/Erth      2%         3d7       86%         3
 Agony                    Necr           14%        N/A       95%         5


Dungeon Overview and Level Annotations

Branches:
Dungeon (3/15)

Altars:

Shops:
D:1 :

Annotations:
D:2 Terence


Innate Abilities, Weirdness & Mutations

You have extremely sharp teeth.
When hurt, damage is shared between your health and your magic reserves.
Your bite disrupts and absorbs the magic of your enemies.
Potions cannot restore your health.


Message History

Terence closely misses you.
You hit Terence but do no damage. Your bite misses Terence.
Terence is moderately wounded.
You hit Terence.
Terence is moderately wounded.
Terence hits you but does no damage.
You are electrocuted!
You hit Terence. You bite Terence, but do no damage.
Terence is moderately wounded.
Terence hits you with a +4 hand axe of electrocution.
You hit Terence. You bite Terence, but do no damage.
Terence is heavily wounded.
You barely miss Terence. Your bite misses Terence.
Terence is heavily wounded.
Terence barely misses you.
You hit Terence but do no damage. You bite Terence. You drain his power.
You feel invigorated.
Terence is heavily wounded.
You hit Terence but do no damage. Your bite misses Terence.
Terence is heavily wounded.
Terence hits you with a +4 hand axe of electrocution.
* * * LOW HITPOINT WARNING * * *
You hit Terence but do no damage.
Terence is heavily wounded.
Terence hits you but does no damage.
You hit Terence.
Terence is severely wounded.
You hit Terence but do no damage.
Terence is severely wounded.
Terence hits you with a +4 hand axe of electrocution.
* * * LOW HITPOINT WARNING * * *
You hit Terence but do no damage. You bite Terence, but do no damage.
Terence is severely wounded.
Terence barely misses you.
Okay, then.
You hit Terence but do no damage. You bite Terence. You drain his power.
You feel invigorated.
Terence is severely wounded.
Terence attacks as you move away!
Terence hits you with a +4 hand axe of electrocution!
You die...

#.## #..# #.####
#.># #..# #.#
##.# #..# #.#
#.# #..# . #.#
#.# #..#####..
... #.#
#......... ...
#.# #.........
### # #.#
###@..###
#.####..@....#
#.##.........#
#.##............
#......#...#####
########...#
#####


You could see Terence.

Vanquished Creatures
  A bat (D:1)
  2 giant cockroaches
  2 goblins
  5 hobgoblins
  A quokka (D:1)
  2 ball pythons
  A frilled lizard (D:2)
  3 kobolds
  A rat (D:1)
18 creatures vanquished.

Notes
Turn   | Place    | Note
-------+----------+-------------------------------------------
     0 | D:1      | DeathPants the Vine Stalker Necromancer began the quest for
                  | the Orb.
     0 | D:1      | Reached XP level 1. HP: 9/9 MP: 4/4
   118 | D:1      | Found Ekorunoa's Book Shoppe.
   215 | D:1      | Reached XP level 2. HP: 3/14 MP: 1/6
  1005 | D:2      | Noticed Terence
  1024 | D:2      | Slain by Terence

Illustrated notes

Levels and vault maps discovered:
D:1:      minmay_arrival_four_loops, layout_loops_ring, serial_shops,
          nicolae_square_shop
D:2:      layout_loops_ring, uniq_jessica, uniq_terence
D:3:      minmay_spotlight, layout_basic, nicolae_uskayaw_suspiria

Action                     || total
---------------------------++-------
  Melee: Whip              ||    42
         Bite              ||    14
         Short sword       ||    17
         Punch             ||     1
   Cast: Necrotise         ||     4
   Stab: Sleeping          ||     4
 Armour: Leather armour    ||     5
         Robe              ||     1
         Ring mail         ||     2
  Dodge: Dodged            ||    25

Table legend: (Time is in decaauts)
 A = Elapsed time spent in this place.
 B = Non-inter-level travel time spent in this place.
 C = Inter-level travel time spent in this place.
 D = Time resting spent in this place.
 E = Time spent auto-exploring this place.
 F = Levels seen in this place.
 G = Mean time per level.
                   A        B        C        D        E       F      G
               +--------+--------+--------+--------+--------+-----+--------+
         Total |   1021 |   1009 |     12 |      8 |    714 |   3 |  340.3 |
       Dungeon |   1021 |   1009 |     12 |      8 |    714 |   3 |  340.3 |
               +--------+--------+--------+--------+--------+-----+--------+

Top non-repeatable levels by time:
     D:1: 704 daAuts
     D:2: 313 daAuts
     D:3: 3 daAuts
